 Dungeon Crawl Stone Soup version 0.23-a0-130-g0e7800e (webtiles) character file.

159 sighowe the Skirmisher (level 5, -1/43 HPs)
             Began as a Barachi Fighter on Aug 27, 2018.
             Was a Follower of Zin.
             Slain by a gnoll
             ... wielding a +0 spear
              (4 damage)
             ... on level 3 of the Dungeon on Sept 7, 2018.
             The game lasted 00:09:29 (2162 turns).

sighowe the Skirmisher (Barachi Fighter)            Turns: 2162, Time: 00:09:30

Health: -1/43      AC: 12    Str: 18    XL:     5   Next: 40%
Magic:  5/5        EV:  7    Int:  7    God:    Zin [*.....]
Gold:   71         SH:  9    Dex: 11    Spells: 4/4 levels left

rFire    . . .     SeeInvis .   a - +0 war axe
rCold    . . .     Gourm    .   c - +0 shield
rNeg     . . .     Faith    .   b - +0 scale mail
rPois    .         Spirit   .   (no helmet)
rElec    .         Reflect  .   m - +2 cloak
rCorr    .         Harm     .   j - +1 pair of gloves
MR       .....                  (no boots)
Stlth    ..........             (no amulet)
HPRegen  0.14/turn              (no ring)
MPRegen  0.09/turn              (no ring)

@: slow
A: +LOS, swims, talons 1, dopey 1, slowness 1, strong legs 1
a: Hop, Recite, Donate Gold, Renounce Religion


You were on level 3 of the Dungeon.
You worshipped Zin.
Zin was aware of your devotion.
You were very hungry.

You visited 1 branch of the dungeon, and saw 3 of its levels.

You collected 158 gold pieces.
You donated 87 gold pieces to Zin.

Inventory:

Hand Weapons
 a - a +0 war axe (weapon)
Missiles
 o - 108 stones (quivered)
Armour
 b - a +0 scale mail (worn)
 c - a +0 shield (worn)
 j - a +1 pair of gloves (worn)
 m - a +2 cloak (worn)
 r - a +1 helmet
Scrolls
 g - 3 scrolls of identify {unknown}
 h - 2 scrolls of fear {unknown}
 i - a scroll of enchant weapon {unknown}
 l - a scroll of immolation {unknown}
 q - a scroll of remove curse {unknown}
 t - a scroll of teleportation {unknown}
Potions
 d - a potion of might
 p - 2 potions of brilliance
Comestibles
 f - 4 rations


   Skills:
 + Level 4.7 Fighting
 + Level 3.5 Axes
 * Level 1.4 Throwing
 + Level 4.1 Armour
 + Level 1.0 Dodging
 + Level 4.1 Shields
 + Level 0.1 Invocations


You had 4 spell levels left.
You didn't know any spells.
Your spell library was empty.

Dungeon Overview and Level Annotations

Branches:
Dungeon (3/15)

Altars:
Dithmenos
Zin


Innate Abilities, Weirdness & Mutations

Shadows flee at your approach. (+LOS)
You can swim through water.
You cover ground slowly.
You can hop short distances.
You have sharp toenails.
You are dopey. (Int -2)


Message History

You kill the quokka!
You hit the orc but do no damage. You hit the gnoll.
You closely miss the gnoll.
You feel a little less clever now. The gnoll barely misses you.
The orc hits you but does no damage. The gnoll hits you.
* * * LOW HITPOINT WARNING * * *
You block the gnoll's attack. The gnoll barely misses you.
The orc hits you with a dagger.
* * * LOW HITPOINT WARNING * * *
You block the gnoll's attack.
Your shield prevents you from hitting the gnoll.
You claw the gnoll.
The gnoll is severely wounded.
You hit the gnoll. You hit the orc. You slash the gnoll!
You block the gnoll's attack. The gnoll hits you but does no damage.
You block the gnoll's attack. You block the orc's attack.
The gnoll hits you but does no damage.
The gnoll hits you from afar with a spear.
You die...

...###########
.....$.......#
.............#
.............##
..............#######
...............#....#
...........(...g....#
...............o†...#
....##.........g@...#
...###.........gg...#
#### #..........#####
##........##
#..........#
#..........# ........
...... ......


You could see 4 gnolls and an orc.

Vanquished Creatures
  An orc wizard (D:3)
  A worker ant (D:2)
  4 adders
  3 worms
  4 leopard geckos
  An orc (D:3)
  3 giant cockroaches (D:2)
  9 goblins
  9 hobgoblins
  A quokka (D:3)
  10 bats
  5 frilled lizards
  11 kobolds
  3 rats (D:1)
65 creatures vanquished.

Notes
Turn   | Place    | Note
-------+----------+-------------------------------------------
     0 | D:1      | sighowe the Barachi Fighter began the quest for the Orb.
     0 | D:1      | Reached XP level 1. HP: 18/18 MP: 1/1
   291 | D:1      | Reached XP level 2. HP: 23/25 MP: 2/2
   697 | D:1      | Reached XP level 3. HP: 21/30 MP: 3/3
  1068 | D:2      | Found a glowing silver altar of Zin.
  1082 | D:2      | Became a worshipper of Zin the Law-Giver
  1114 | D:2      | Found a shadowy altar of Dithmenos.
  1164 | D:2      | Reached * piety under Zin
  1225 | D:2      | Reached XP level 4. HP: 37/37 MP: 4/4
  1775 | D:3      | Reached skill level 1 in Throwing
  1792 | D:3      | Reached XP level 5. HP: 38/43 MP: 5/5
  1844 | D:3      | Reached skill level 1 in Dodging
  2109 | D:3      | Gained mutation: You are dopey. (Int -2) [potion of
                  | mutation]
  2109 | D:3      | Gained mutation: You have sharp toenails. [potion of
                  | mutation]
  2120 | D:3      | Donated 72 gold pieces to Zin
  2123 | D:3      | HP: 1/43 [gnoll/spear (3)]
  2161 | D:3      | HP: 2/43 [orc/dagger (3)]
  2162 | D:3      | Slain by a gnoll

Vault maps used:
D:1:      dpeg_arrival_connections, minmay_misc_feat_plants,
          minmay_misc_feat_secret_circle
D:2:      nicolae_overflow_crystal_walls, nicolae_dithmenos_shadow_blocks

Skill      XL: |  1  2  3  4  5 |
---------------+----------------+-----
Armour         | 4 |  4.1
Axes           | 3 |  3.5
Fighting       | 4 |  4.7
Throwing       | 1 |  1.4
Shields        | 4 |  4.1
Dodging        | 1 |  1.0
Invocations    | |  0.1

Action                   |  1- 3 |  4- 6 || total
-------------------------+-------+-------++-------
Melee: War axe           |   139 |   107 ||   246
       Kick              |       |     1 ||     1
Throw: Stone             |    19 |       ||    19
Invok: Recite            |       |     4 ||     4
       Donate Gold       |       |     1 ||     1
  Use: Potion            |       |     5 ||     5
  Eat: Chunk             |     1 |     3 ||     4
Armor: Scale mail        |    89 |   137 ||   226
Dodge: Dodged            |    46 |    74 ||   120
Block: Shield            |    86 |   112 ||   198

Table legend:
 A = Non-vault XP
 B = Vault XP
 C = Vault XP percentage of total XP
 D = Non-vault monster count
 E = Vault monster count
 F = Vault count percentage of total count
                 A         B        C        D         E       F
            +---------+---------+-------+---------+---------+-------
      Total |     228 |       0 |   0.0 |      65 |       0 |   0.0
            +---------+---------+-------+---------+---------+-------
        D:1 |      36 |       0 |   0.0 |      25 |       0 |   0.0
        D:2 |     105 |       0 |   0.0 |      25 |       0 |   0.0
        D:3 |      87 |       0 |   0.0 |      15 |       0 |   0.0
            +---------+---------+-------+---------+---------+-------
